 Dungeon Crawl Stone Soup version 0.25-a0-635-g0c6c292 (webtiles) character file.

Game seed: 10509229935893374647, levelgen mode: deterministic

91 robertstho the Skirmisher (level 4, -3/40 HPs)
             Began as a Draconian Berserker on Mar 20, 2020.
             Was a Believer of Trog.
             Slain by a gnoll
             ... wielding a +0 spear
              (4 damage)
             ... on level 2 of the Dungeon.
             The game lasted 00:02:01 (1025 turns).

robertstho the Skirmisher (Draconian Berserker)     Turns: 1025, Time: 00:02:02

Health: -3/40      AC:  5    Str: 20    XL:     4   Next: 33%
Magic:  13/13      EV: 13    Int:  7    God:    Trog [**....]
Gold:   27         SH:  0    Dex: 11    Spells: 3/3 levels left

rFire    . . .     SeeInvis .   a - +0 hand axe
rCold    . . .     Gourm    .   (no shield)
rNeg     . . .     Faith    .   (armour unavailable)
rPois    .         Spirit   .   (helmet restricted)
rElec    .         Reflect  .   (no cloak)
rCorr    .         Harm     .   (no gloves)
MR       .....                  (no boots)
Stlth    +.........             (no amulet)
HPRegen  0.13/turn              h - ring of magical power
MPRegen  0.13/turn              (no ring)

@: lethally poisoned (-3 -> -4), berserk cooldown, stab, slowed, very slow
A: unfitting armour, cold-blooded, AC +5
a: Berserk, Trog's Hand, Renounce Religion


You were on level 2 of the Dungeon.
You worshipped Trog.
Trog was pleased with you.
You were hungry.

You visited 1 branch of the dungeon, and saw 2 of its levels.

You collected 27 gold pieces.

Inventory:

Hand Weapons
 a - a +0 hand axe (weapon)
Missiles
 d - 6 silver javelins (quivered)
Jewellery
 h - a ring of magical power (left hand)
Scrolls
 f - a scroll of enchant weapon {unknown}
 g - a scroll of enchant armour {unknown}
Comestibles
 b - 4 rations
 c - 11 chunks of flesh


   Skills:
 * Level 4.1 Fighting
 + Level 3.7 Axes
 * Level 3.6 Dodging
 + Level 0.1 Stealth


You had 3 spell levels left.
You didn't know any spells.
Your spell library was empty.

Dungeon Overview and Level Annotations

Branches:
Dungeon (2/15)

Altars:


Innate Abilities, Weirdness & Mutations

Your plain brown scales are hard. (AC +5)
You cannot fit into any form of body armour.
You are cold-blooded and may be slowed by cold attacks.


Message History

Things that are here:
a +0 halberd; a gnoll corpse You slash the gnoll!
The gnoll is heavily wounded.
You are no longer berserk.
You are exhausted.
You feel yourself slow down. The gnoll hits you with a +0 spear.
* * * LOW HITPOINT WARNING * * *
You hit the gnoll but do no damage.
The gnoll is heavily wounded.
The gnoll hits you but does no damage. The gnoll hits you with a +0 spear.
* * * LOW HITPOINT WARNING * * *
You closely miss the gnoll.
The gnoll is heavily wounded.
You feel sick. The gnoll hits you with a +0 spear.
* * * LOW HITPOINT WARNING * * *
It was a potion of stabbing.
You feel ready to backstab. The gnoll closely misses you.
The gnoll hits you with a +0 spear.
You die...

#......# #.(....#
#..g...#
#......##.#
#..gg..##.# #
#...S....l. #..
#.# #.#
#....#########.###
#.#
#.....)@gg....<#
#.#
#.##########.#.#
#.#
.###.#.###.#####
.................
...........######
#.###..###.#.....
#....#.........
#........#.#.#.
#....#.#.#.#.#.


You could see 2 gnolls.

Vanquished Creatures
  Robin (D:2)
  2 gnolls (D:2)
  2 adders (D:2)
  2 dart slugs (D:1)
  6 bats
  8 goblins
  6 hobgoblins
  6 kobolds
  3 frilled lizards
  5 rats
  A plant (D:1)
42 creatures vanquished.

Notes
Turn   | Place    | Note
-------+----------+-------------------------------------------
     0 | D:1      | robertstho the Draconian Berserker began the quest for the
                  | Orb.
     0 | D:1      | Reached XP level 1. HP: 19/19 MP: 1/1
    52 | D:1      | Reached XP level 2. HP: 18/26 MP: 2/2
   449 | D:1      | Reached ** piety under Trog
   594 | D:1      | Reached XP level 3. HP: 33/33 MP: 3/3
   850 | D:2      | Noticed Robin
   864 | D:2      | Killed Robin
   864 | D:2      | Reached skill level 4 in Fighting
  1012 | D:2      | Reached XP level 4. HP: 40/40 MP: 4/4
  1024 | D:2      | HP: 1/40 [gnoll/+0 spear (3)]
  1025 | D:2      | Slain by a gnoll

Levels and vault maps discovered:
D:1:      dpeg_arrival_arbitrary_b, layout_rooms, serial_bayou,
          serial_bayou_crossing, serial_bayou_lagoon_b, serial_bayou_pond_d,
          serial_bayou_shore_a, minmay_3d_cube
D:2:      layout_basic, uniq_sigmund, uniq_robin

Skill      XL: |  1  2  3 |
---------------+----------+-----
Dodging        | 3 |  3.6
Fighting       | 4 |  4.1
Axes           | |  3.7
Stealth        | |  0.1

Action                   |  1- 3 |  4- 6 || total
-------------------------+-------+-------++-------
Melee: Hand axe          |   168 |    10 ||   178
       Tailslap          |    19 |     1 ||    20
Invok: Berserk           |     2 |       ||     2
  Use: Potion            |       |     1 ||     1
  Eat: Chunk             |     2 |       ||     2
Armor: Skin              |    36 |     1 ||    37
Dodge: Dodged            |    82 |     5 ||    87

Table legend:
 A = Non-vault XP
 B = Vault XP
 C = Vault XP percentage of total XP
 D = Non-vault monster count
 E = Vault monster count
 F = Vault count percentage of total count
                 A         B        C        D         E       F
            +---------+---------+-------+---------+---------+-------
      Total |      98 |      32 |  24.6 |      31 |      10 |  24.4
            +---------+---------+-------+---------+---------+-------
        D:1 |      36 |       5 |  12.2 |      22 |       3 |  12.0
        D:2 |      62 |      27 |  30.3 |       9 |       7 |  43.8
            +---------+---------+-------+---------+---------+-------
